 Dungeon Crawl Stone Soup version 0.32-a0-616-g9348d4545b (webtiles) character file.

Game seed: 14668646409865168453

439 Drazool the Shooter (level 7, 0/50 HPs)
             Began as a Coglin Hunter on Mar 5, 2024.
             Was a Follower of Beogh.
             Killed by nerve-wracking pain
             ... invoked by Menkaure
              (12 damage)
             ... on level 5 of the Dungeon.
             The game lasted 00:10:13 (3565 turns).

Drazool the Shooter (Coglin Hunter)                 Turns: 3565, Time: 00:10:14

Health: 0/50       AC:  3    Str: 12    XL:     7   Next: 1%
Magic:  7/7        EV: 12    Int:  8    God:    Beogh [*.....]
Gold:   198        SH:  0    Dex: 19    Spells: 6/6 levels left

rFire   . . .        a - +2 sling {Xiuhtonal}
rCold   . . .        d - +0 sling {Tertia}
rNeg    . . .        c - +0 leather armour
rPois   .            (no helmet)
rElec   .            (no cloak)
rCorr   .            (no gloves)
SInv    .            (no boots)
Will    .....        (amulet unavailable)
Stlth   ++           (ring unavailable)
HPRegen 0.28/turn    (ring unavailable)
MPRegen 0.10/turn    (no gizmo)

%: no passive effects
@: no status effects
A: off-hand wielding, slow wielding, warmup strikes, no jewellery
a: Invent Gizmo, Renounce Religion


You were on level 5 of the Dungeon.
You worshipped Beogh.
Beogh was aware of your devotion.
You visited 1 branch of the dungeon, and saw 5 of its levels.

You collected 276 gold pieces.
You spent 78 gold pieces at shops.


Innate Abilities, Weirdness & Mutations

You can wield a second weapon in your off-hand.
It takes a long time for you to wield or remove held weapons.
Your first few attacks do less damage.
You cannot equip rings or amulets.


   Skills:
 - Level 2.0 Fighting
 + Level 7.4 Ranged Weapons
 - Level 1.7 Dodging
 - Level 0.7 Stealth


You had 6 spell levels left.
You didn't know any spells.
Your spell library contained the following spells:

 Spells                   Type           Power      Damage    Failure   Level
 Summon Small Mammal      Summ           0%         N/A       50%         1
 Call Canine Familiar     Summ           0%         N/A       86%         3
 Summon Blazeheart Golem  Fire/Summ      0%         N/A       99%         4

Inventory:

Hand Weapons
 a - a +2 sling (weapon) {Xiuhtonal}
 d - a +0 sling (offhand) {Tertia}
Armour
 c - a +0 leather armour (worn)
Wands
 k - a wand of flame (1)
 v - a wand of warping (8)
 w - a wand of mindburst (12)
Scrolls
 b - a scroll of butterflies
 f - 2 scrolls of fog
 h - a scroll of brand weapon {unknown}
 l - 2 scrolls of blinking
 m - 2 scrolls of fear
 n - a scroll of poison {unknown}
 p - a scroll of teleportation {unknown}
 r - a scroll of silence {unknown}
 u - a scroll of torment {unknown}
Potions
 e - a potion of attraction {unknown}
 g - a potion of ambrosia {unknown}
 i - a potion of heal wounds {unknown}
 j - 2 potions of lignification
 o - 3 potions of brilliance {unknown}
 q - a potion of mutation {unknown}
 s - a potion of curing {@q1}
 t - a potion of cancellation {unknown}

Dungeon Overview and Level Annotations

Branches:
Dungeon (5/15)
 Temple: D:4-7

Altars:
Elyvilon
Okawaru
Sif Muna
Xom

Shops:
D:1 =!   D:3 :

Annotations:
D:5 Grinder, Menkaure

#..## ##...[...##
#.#.## #.##
##.....## #.###
#.# ##...## #.#
#.# ## ##)## #.#
#.# .. #.# #.#
#.# #.##.# #.# #.
#####....## #..
....###..####....
.#.. #.@.....# #
#..###..##.#...
#.#....).## #
#.........#
........M##
##.......#
...▒...#.# ▒o
▒▒.##.# ▒. #.#


You could see Menkaure (fast).


Message History

Menkaure casts a spell.
Menkaure seems to speed up.
Aiming: Throw Flame
Press: ? - help, Shift-Dir - straight line, f/p - Menkaure
Aim: Menkaure (moderately damaged, fast, 85% to hit)
The puff of flame misses Menkaure.
Menkaure calls on the powers of darkness!
Your body is wracked with pain!
* * * LOW HITPOINT WARNING * * *
Aiming: Throw Flame
Press: ? - help, Shift-Dir - straight line, f/p - Menkaure
Aim: Menkaure (moderately damaged, fast, 85% to hit)
The puff of flame hits Menkaure.
Menkaure is burned terribly!
Menkaure is heavily damaged.
Aiming: Throw Flame
Press: ? - help, Shift-Dir - straight line, f/p - Menkaure
Aim: Menkaure (heavily damaged, fast, 85% to hit)
The puff of flame hits Menkaure.
Menkaure is heavily damaged.
Aiming: Throw Flame
Press: ? - help, Shift-Dir - straight line, f/p - Menkaure
Aim: Menkaure (heavily damaged, fast, 85% to hit)
The puff of flame hits Menkaure.
Menkaure is burned terribly!
Menkaure is severely damaged.
Menkaure calls on the powers of darkness!
Your body is wracked with pain!
* * * LOW HITPOINT WARNING * * *
Menkaure gestures at you while chanting.
Pain shoots through your body!
You die...

Skill      XL: |  1  2  3  4  5  6 |
---------------+-------------------+-----
Ranged Weapons | 4 5 6 7 |  7.4
Fighting       | |  2.0
Dodging        | |  1.7
Stealth        | |  0.7

Action                     |  1- 3 |  4- 6 |  7- 9 || total
---------------------------+-------+-------+-------++-------
   Fire: Sling             |   150 |   284 |       ||   434
 Invoke: Convert to Beogh  |       |     1 |       ||     1
  Evoke: Wand              |       |       |     6 ||     6
    Use: Potion            |       |     1 |       ||     1
         Scroll            |       |     3 |       ||     3
 Armour: Leather armour    |     9 |    33 |       ||    42
  Dodge: Dodged            |     5 |    34 |       ||    39

Levels and vault maps discovered:
D:1:      minmay_arrival_four_loops, layout_loops_ring, serial_shops,
          nicolae_shop_trees, shop, chequers_big_river, hex_tiny
D:2:      layout_basic, minmay_randomly_rotated_circles
D:3:      layout_basic, serial_shops, nicolae_shop_tiny_statue_garden, uniq_ijyb
D:4:      layout_cave_pools, chequers_temple_overflow_minitemple
D:5:      layout_loops_corners, grunt_temple_overflow_growth_and_decay,
          minmay_temple_entry_wispy, minmay_misc_feat_more_columns,
          nicolae_zig_zag_zippers, uniq_menkaure, uniq_grinder

Notes
Turn   | Place    | Note
-------+----------+-------------------------------------------
     0 | D:1      | Drazool the Coglin Hunter began the quest for the Orb.
     0 | D:1      | Reached XP level 1. HP: 16/16 MP: 1/1
   238 | D:1      | Reached skill level 4 in Ranged Weapons
   238 | D:1      | Reached XP level 2. HP: 22/22 MP: 2/2
   401 | D:1      | Found Duhu's Jewellery Emporium.
   697 | D:1      | Found Worof's Distillery.
   705 | D:1      | Bought a potion of lignification for 39 gold pieces
   705 | D:1      | Bought a potion of curing for 39 gold pieces
   878 | D:2      | Reached XP level 3. HP: 27/27 MP: 3/3
  1224 | D:2      | Reached skill level 5 in Ranged Weapons
  1225 | D:2      | Reached XP level 4. HP: 33/33 MP: 4/4
  1794 | D:3      | Noticed Ijyb
  1836 | D:3      | Killed Ijyb
  1837 | D:3      | Reached XP level 5. HP: 29/38 MP: 5/5
  2004 | D:3      | Found Anioru's Book Boutique.
  2374 | D:3      | HP: 3/38 [orc priest/+1 flail of protection (3)]
  2375 | D:3      | Reached skill level 6 in Ranged Weapons
  2375 | D:3      | Became a worshipper of Beogh the Shepherd
  2719 | D:4      | Reached XP level 6. HP: 44/44 MP: 6/6
  2901 | D:4      | Found a faded altar of an unknown god.
  2901 | D:4      | Found an iron altar of Okawaru.
  2908 | D:4      | Found a white marble altar of Elyvilon.
  2910 | D:4      | Found a shimmering blue altar of Sif Muna.
  2912 | D:4      | Found a shimmering altar of Xom.
  3007 | D:5      | Entered Level 5 of the Dungeon
  3015 | D:5      | Noticed Grinder
  3016 | D:5      | Noticed an ice beast
  3385 | D:5      | Reached * piety under Beogh
  3409 | D:5      | Reached skill level 7 in Ranged Weapons
  3547 | D:5      | Reached XP level 7. HP: 40/50 MP: 7/7
  3559 | D:5      | Noticed Menkaure
  3565 | D:5      | Killed from afar by Menkaure

Vanquished Creatures
  A phantom (D:5)
  An orc priest (D:5)
  Ijyb (D:3)
  3 iguanas (D:5)
  2 orc wizards (D:3)
  A sleepcap (D:4)
  5 adders
  2 white imps (D:5)
  2 ribbon worms (D:2)
  3 dart slugs
  7 orcs
  9 ball pythons
  5 endoplasms
  3 giant cockroaches
  6 hobgoblins
  5 jackals
  2 quokkas
  9 bats
  3 frilled lizards (D:2)
  7 goblins
  6 kobolds
  5 rats
88 creatures vanquished.

Vanquished Creatures (others)
  An orc (D:5)
1 creature vanquished.

Grand Total: 89 creatures vanquished

Table legend: (Time is in decaauts)
 A = Elapsed time spent in this place.
 B = Non-inter-level travel time spent in this place.
 C = Inter-level travel time spent in this place.
 D = Time resting spent in this place.
 E = Time spent auto-exploring this place.
 F = Levels seen in this place.
 G = Mean time per level.
                   A        B        C        D        E       F      G
               +--------+--------+--------+--------+--------+-----+--------+
         Total |   3611 |   3449 |    162 |    158 |   2781 |   5 |  722.2 |
       Dungeon |   3611 |   3449 |    162 |    158 |   2781 |   5 |  722.2 |
               +--------+--------+--------+--------+--------+-----+--------+

Top non-repeatable levels by time:
     D:3: 921 daAuts
     D:1: 849 daAuts
     D:2: 734 daAuts
     D:4: 650 daAuts
     D:5: 456 daAuts

Table legend:
 A = Non-vault XP
 B = Vault XP
 C = Vault XP percentage of total XP
 D = Non-vault monster count
 E = Vault monster count
 F = Vault count percentage of total count
                 A         B        C        D         E       F
            +---------+---------+-------+---------+---------+-------
      Total |     581 |      47 |   7.5 |      81 |       7 |   8.0
            +---------+---------+-------+---------+---------+-------
        D:1 |      27 |       0 |   0.0 |      17 |       0 |   0.0
        D:2 |      52 |       8 |  13.3 |      19 |       6 |  24.0
        D:3 |     112 |      39 |  25.8 |      18 |       1 |   5.3
        D:4 |      94 |       0 |   0.0 |      18 |       0 |   0.0
        D:5 |     296 |       0 |   0.0 |       9 |       0 |   0.0
            +---------+---------+-------+---------+---------+-------
